 Dungeon Crawl Stone Soup version 0.30-a0-4-ga7cffc901d (webtiles) character file.

Game seed: 15262162632653126397

7212 SensoryNuts the Carver (level 10, -1/74 (77) HPs)
             Began as a Demonspawn Fighter on Aug 21, 2022.
             Was an Initiate of Gozag.
             Slain by an orc warrior
             ... wielding a +0 mace
              (2 damage)
             ... on level 1 of the Orcish Mines.
             The game lasted 00:15:28 (11466 turns).

SensoryNuts the Carver (Demonspawn Fighter)        Turns: 11466, Time: 00:15:28

HP:   -1/74 (77)    AC: 19    Str: 21    XL:     10   Next: 87%
MP:   10/10         EV:  7    Int:  9    God:    Gozag
Gold: 1624          SH:  0    Dex: 13    Spells: 9/9 levels left

rFire   . . .      SeeInvis .    z - +5 great sword
rCold   + . .      Faith    .    (shield currently unavailable)
rNeg    . . .      Spirit   .    t - +0 plate armour
rPois   .          Reflect  .    (helmet restricted)
rElec   .          Harm     .    D - +0 cloak
rCorr   .          Rampage  .    j - +0 pair of gloves
Will    .....                    (no boots)
Stlth   ..........               (no amulet)
HPRegen 0.22/turn                y - ring of flight
MPRegen 0.12/turn                (no ring)

@: confused, flying, lightly drained
A: horns 1, icy blue scales 3, condensation shield
a: Renounce Religion, Potion Petition, Call Merchant, Bribe Branch


You were on level 1 of the Orcish Mines.
You worshipped Gozag.
Gozag was most pleased with you.
You visited 2 branches of the dungeon, and saw 10 of its levels.

You collected 1744 gold pieces.
You spent 56 gold pieces at shops.
You paid 64 gold pieces to Gozag.

Inventory:

Hand Weapons
 a - a +1 war axe
 p - the +5 long sword "Himul" {venom, rCorr SInv}
   (You found it on level 2 of the Dungeon)

   It poisons the flesh of those it strikes.
   SInv:      It lets you see invisible.
   rCorr:     It protects you from acid and corrosion.
 z - a +5 great sword (weapon)
 A - a +5 long sword
Missiles
 r - 2 throwing nets (quivered)
Armour
 j - a +0 pair of gloves (worn)
 t - a +0 plate armour (worn)
 u - a scarf of harm
 D - a +0 cloak (worn)
Jewellery
 k - a ring of protection from cold
 w - a ring of ice
 x - a ring of resist corrosion
 y - a ring of flight (left hand)
Wands
 b - a wand of light (4)
 n - a wand of roots (9)
 q - a wand of flame (42)
 s - a wand of polymorph (11)
Scrolls
 e - a scroll of teleportation
 f - 4 scrolls of identify
 g - 2 scrolls of noise
 l - 4 scrolls of amnesia
 m - 2 scrolls of magic mapping
 C - 2 scrolls of fear
Potions
 c - a potion of attraction {unknown}
 d - a potion of lignification {unknown}
 h - a potion of curing
 o - a potion of cancellation


   Skills:
 + Level 6.5 Fighting
 * Level 12.1 Long Blades
 - Level 2.8 Axes
 + Level 6.6 Armour
 + Level 1.7 Dodging
 + Level 1.2 Stealth
 + Level 4.5 Shields


You had 9 spell levels left.
You didn't know any spells.
Your spell library contained the following spells:

 Spells                   Type           Power      Damage    Failure   Level
 Sandblast                Erth           0%         2d4       100%        1
 Passwall                 Tmut/Erth      0%         N/A       100%        2
 Poisonous Vapours        Pois/Air       0%         N/A       100%        2
 Portal Projectile        Hex/Tloc       0%         N/A       100%        3
 Stone Arrow              Conj/Erth      0%         3d7       100%        3
 Tukima's Dance           Hex            0%         N/A       100%        3
 Blade Hands              Tmut           0%         N/A       100%        5
 Corpse Rot               Necr/Pois/Air  Unusable   N/A       N/A         4

Dungeon Overview and Level Annotations

Branches:
Dungeon (9/15)             Temple (0/1) D:5            Lair (0/5) D:9
    Orc (1/2) D:9

Altars:
Dithmenos
Gozag
Makhleb
Vehumet
Xom
Yredelemnul

Shops:
D:3 *


Innate Abilities, Weirdness & Mutations

You have a pair of small horns on your head.
You are completely covered in icy blue scales. (AC +4, rC+)
A meltable shield of frost defends you. (SH +0)


Message History

The orc wizard attacks as you move away!
The orc wizard hits you but does no damage.
You feel drained.
The orc warrior hits you with a +0 mace!
The orc wizard casts a spell.
The orc wizard flickers and vanishes!
You are too confused!
The orc warrior attacks as you move away!
The orc warrior hits you but does no damage.
The orc wizard mumbles some strange words.
The orc wizard flickers and vanishes!
The orc warrior barely misses you.
The orc priest begins to cast a cantrip, but forgets the words!
Something hits you but does no damage.
The orc warrior hits you from afar with a +2 halberd of pain!
* * * LOW HITPOINT WARNING * * *
You writhe in agony.
* * * LOW HITPOINT WARNING * * *
You slash the orc warrior!
The orc warrior is heavily wounded.
Something hits you but does no damage.
The orc warrior hits you from afar with a +2 halberd of pain!
* * * LOW HITPOINT WARNING * * *
You can't drink that!
You miss the orc warrior.
The orc warrior is heavily wounded.
The orc warrior hits you with a +0 mace.
* * * LOW HITPOINT WARNING * * *
The orc priest hits you but does no damage.
Something hits you.
* * * LOW HITPOINT WARNING * * *
Something hits you but does no damage.
The orc warrior hits you from afar with a +2 halberd of pain.
* * * LOW HITPOINT WARNING * * *
You writhe in agony.
* * * LOW HITPOINT WARNING * * *
You slash something! Your headbutt misses something.
The orc warrior hits you with a +0 mace.
You die...
Your body crumbles into a pile of gold.

##.#............#.#.##....
#...................#.#...
#.$.............#.........
#.....>...........^....#.
###...............#.#......
#..........#.......###.....
.........$o.....#.## ......
#.....$.o{o....#### .....#
........{#@o...# ......
........o###....... #..#.
...........##.#..$.# ....
............####.### .#..
.........#.## ## ....
####.##.#### .#.. ## ###
###


You could see 2 orc warriors, an orc priest and an orc wizard.

Vanquished Creatures
  Pikel (D:7)
  The ghost of Zeldest the Digger, a novice OpEE (D:6)
  Joseph (D:7)
  A hornet (D:9)
  A shadow (D:9)
  2 wyverns (D:9)
  A basilisk (D:9)
  10 yaks (D:9)
  A steam dragon (D:7)
  A warg (Orc:1)
  2 water moccasins
  2 orc warriors (D:9)
  4 ice beasts
  6 black bears
  3 sky beasts (D:8)
  An ogre (D:6)
  A centaur (D:8)
  A phantom (D:7)
  2 kobold brigands
  2 lemures (D:7)
  A bullfrog (D:6)
  2 gnoll sergeants
  2 necrophages (D:6)
  3 scorpions
  4 wights (D:7)
  2 howler monkeys (D:9)
  The ghost of Stellion the Conjurer, a weakling DECj (D:3)
  A hound (D:5)
  3 orc priests
  2 jellies
  Crazy Yiuf (D:2)
  Jessica (D:2)
  5 iguanas
  5 orc wizards
  Terence (D:2)
  13 gnolls
  6 adders
  2 ufetubi (D:5)
  2 worms
  2 dart slugs
  30 orcs
  8 endoplasms
  11 giant cockroaches
  8 goblins
  3 hobgoblins
  2 jackals (D:5)
  11 ball pythons
  5 bats
  6 frilled lizards
  19 kobolds
  7 rats
213 creatures vanquished.

Vanquished Creatures (others)
  A fungus (D:9)
  A plant (D:9)
2 creatures vanquished.

Grand Total: 215 creatures vanquished

Notes
Turn   | Place    | Note
-------+----------+-------------------------------------------
     0 | D:1      | SensoryNuts the Demonspawn Fighter began the quest for the
                  | Orb.
     0 | D:1      | Reached XP level 1. HP: 18/18 MP: 1/1
   259 | D:1      | Gained mutation: A meltable shield of frost defends you.
                  | (SH +0) [demonic ancestry]
   259 | D:1      | Reached XP level 2. HP: 13/24 MP: 2/2
   971 | D:2      | Reached XP level 3. HP: 29/29 MP: 3/3
  1278 | D:2      | Noticed Jessica
  1281 | D:2      | Killed Jessica
  1282 | D:2      | Reached XP level 4. HP: 35/35 MP: 4/4
  1418 | D:2      | Identified the +5 long sword "Himul" {venom, rCorr SInv}
  1671 | D:2      | Noticed Terence
  1676 | D:2      | Killed Terence
  1822 | D:2      | Found a runed translucent door.
  1823 | D:2      | Noticed Crazy Yiuf
  2369 | D:2      | Killed Crazy Yiuf
  2370 | D:2      | Gained mutation: You are partially covered in icy blue
                  | scales. (AC +2) [demonic ancestry]
  2370 | D:2      | Reached XP level 5. HP: 35/41 MP: 5/5
  2679 | D:3      | Reached skill level 1 in Long Blades
  2686 | D:3      | Reached skill level 1 in Dodging
  3032 | D:3      | Reached skill level 2 in Long Blades
  3233 | D:3      | Reached XP level 6. HP: 47/47 MP: 6/6
  3469 | D:3      | Found Leshumeuff's Assorted Antiques.
  3477 | D:3      | Bought a scroll labelled IMOPPA YRGHEY for 28 gold pieces
  3477 | D:3      | Bought a scroll labelled MEBBAFOF JUH MEPU for 28 gold
                  | pieces
  3524 | D:3      | Found a runed translucent gate.
  3525 | D:3      | Found a runed translucent gate.
  3525 | D:3      | Found an opulent altar of Gozag.
  3526 | D:3      | Found a runed translucent gate.
  3528 | D:3      | Noticed Stellion's ghost (weakling DECj)
  3784 | D:3      | Killed Stellion's ghost
  3785 | D:3      | Reached skill level 3 in Long Blades
  3840 | D:3      | Became a worshipper of Gozag Ym Sagoz the Greedy
  4497 | D:5      | Entered Level 5 of the Dungeon
  4516 | D:5      | Reached XP level 7. HP: 51/53 MP: 7/7
  4607 | D:5      | Reached skill level 4 in Long Blades
  4613 | D:5      | Found a shimmering altar of Xom.
  4849 | D:5      | Found a staircase to the Ecumenical Temple.
  5102 | D:5      | Reached skill level 1 in Stealth
  5300 | D:5      | Found a basalt altar of Yredelemnul.
  5448 | D:6      | Reached skill level 5 in Long Blades
  5608 | D:6      | Gained mutation: You are mostly covered in icy blue scales.
                  | (AC +3) [demonic ancestry]
  5608 | D:6      | Reached XP level 8. HP: 37/60 MP: 8/8
  5819 | D:6      | Found a large runed translucent door.
  5819 | D:6      | Found a large runed translucent door.
  5822 | D:6      | Noticed Zeldest's ghost (novice OpEE)
  5848 | D:6      | Reached skill level 6 in Long Blades
  5972 | D:6      | Reached skill level 7 in Long Blades
  6133 | D:6      | Found a burning altar of Makhleb.
  6189 | D:6      | Found a basalt altar of Yredelemnul.
  6427 | D:6      | Killed Zeldest's ghost
  6428 | D:6      | Reached skill level 5 in Armour
  6428 | D:6      | Gained mutation: You are completely covered in icy blue
                  | scales. (AC +4, rC+) [demonic ancestry]
  6428 | D:6      | Reached XP level 9. HP: 66/66 MP: 9/9
  6666 | D:7      | Reached skill level 8 in Long Blades
  6796 | D:7      | Noticed Pikel
  6816 | D:7      | Killed Pikel
  6817 | D:7      | Reached skill level 5 in Fighting
  6899 | D:7      | Found a shadowy altar of Dithmenos.
  7015 | D:7      | Reached skill level 9 in Long Blades
  7687 | D:7      | Noticed Joseph
  7698 | D:7      | Killed Joseph
  7699 | D:7      | Reached skill level 10 in Long Blades
  8383 | D:8      | Gained mutation: You have a pair of small horns on your
                  | head. [demonic ancestry]
  8383 | D:8      | Reached XP level 10. HP: 58/74 MP: 10/10
  9069 | D:9      | Found a staircase to the Orcish Mines.
  9310 | D:9      | Reached skill level 11 in Long Blades
  9850 | D:9      | Found a staircase to the Lair.
 10077 | D:9      | Reached skill level 12 in Long Blades
 10440 | D:9      | Found a radiant altar of Vehumet.
 11307 | Orc:1    | Entered Level 1 of the Orcish Mines
 11465 | Orc:1    | HP: 3/74 [orc warrior/+2 halberd of pain (2)]
 11465 | Orc:1    | HP: 1/74 [orc warrior/+2 halberd of pain (2)]
 11466 | Orc:1    | Slain by an orc warrior

Illustrated notes

Levels and vault maps discovered:
D:1:      grunt_arrival_lava_bath, layout_loops_ring
D:2:      layout_basic, minmay_misc_feat_cross, minmay_strange_pillars,
          minmay_divided_ellipse, uniq_jessica, uniq_crazy_yiuf_cottage,
          uniq_terence
D:3:      layout_loops_corners, tso_metal_star, ebering_ghost_gozag,
          serial_shops, shop, nicolae_concentric_dashed_squares_wild
D:4:      layout_loops_cross
D:5:      layout_basic, minmay_temple_entry_statues,
          amcnicky_mini_rare_corridor_liquid, minmay_misc_feat_x,
          hangedman_feature_mirror
D:6:      layout_loops_cross, lemuel_tele_altar,
          mainiacjoe_overflow_concentric_impassable,
          ebering_ghost_disaster_area, hangedman_decor_growths
D:7:      layout_basic, grunt_dithmenos_shadows, uniq_pikel, uniq_joseph
D:8:      layout_loops_cross
D:9:      layout_basic, mainiacjoe_overflow_tiny_flanked, david_lair_generic,
          david_orc_2
Orc:1:    layout_caves

Skill      XL: |  1  2  3  4  5  6  7  8  9 10 |
---------------+-------------------------------+-----
Axes           | 2 |  2.8
Armour         | 3 4 5 6 |  6.6
Shields        | 3 4 |  4.5
Long Blades    | 2 3 5 7 10 12 | 12.1
Dodging        | 1 |  1.7
Stealth        | 1 |  1.2
Fighting       | 4 5 6 |  6.5

Action                   |  1- 3 |  4- 6 |  7- 9 | 10-12 || total
-------------------------+-------+-------+-------+-------++-------
Melee: War axe           |    73 |    17 |       |       ||    90
       Long sword        |       |   117 |   205 |       ||   322
       Great sword       |       |       |    52 |   159 ||   211
       Headbutt          |       |       |       |    37 ||    37
  Use: Scroll            |       |     9 |     1 |     1 ||    11
       Potion            |       |     4 |    14 |     4 ||    22
 Stab: Invisible         |       |       |       |     1 ||     1
Armor: Scale mail        |    26 |    71 |     4 |       ||   101
       Plate armour      |       |       |   148 |   109 ||   257
Dodge: Dodged            |    34 |    46 |    56 |    55 ||   191
Block: Buckler           |    32 |    66 |    66 |       ||   164
       Other             |       |       |     9 |    18 ||    27

Table legend: (Time is in decaauts)
 A = Elapsed time spent in this place.
 B = Non-inter-level travel time spent in this place.
 C = Inter-level travel time spent in this place.
 D = Time resting spent in this place.
 E = Time spent auto-exploring this place.
 F = Levels seen in this place.
 G = Mean time per level.
                   A        B        C        D        E       F      G
               +--------+--------+--------+--------+--------+-----+--------+
         Total |  11595 |  10163 |   1432 |      4 |   8579 |  10 | 1159.5 |
       Dungeon |  11435 |  10003 |   1432 |      4 |   8450 |   9 | 1270.6 |
  Orcish Mines |    159 |    159 |      0 |      0 |    129 |   1 |  159.0 |
               +--------+--------+--------+--------+--------+-----+--------+

Top non-repeatable levels by time:
     D:9: 2275 daAuts
     D:2: 1744 daAuts
     D:7: 1459 daAuts
     D:3: 1270 daAuts
     D:6: 1236 daAuts
     D:8: 996 daAuts
     D:1: 919 daAuts
     D:5: 900 daAuts
     D:4: 632 daAuts
   Orc:1: 159 daAuts
